 Dungeon Crawl Stone Soup version 0.17.1-1-g73c8601 (webtiles) character file.

9818 Shiisan the Destroyer (level 11, 0/54 HPs)
             Began as a Tengu Wizard on Dec 11, 2015.
             Was a Priest of Kikubaaqudgha.
             Slain by a porcupine (11 damage)
             ... on level 2 of the Lair of Beasts.
             The game lasted 01:55:45 (21314 turns).

Shiisan the Destroyer (Tengu Wizard)               Turns: 21314, Time: 01:55:45

Health: 0/54       AC:  7    Str:  8    XL:     11   Next: 52%
Magic:  10/18      EV: 12    Int: 22    God:    Kikubaaqudgha [***...]
Gold:   672        SH:  5    Dex: 12    Spells: 7 memorised, 1 level left

rFire  + . .     SeeInvis .     l - +0 blowgun
rCold  . . .     Clarity  +     p - +2 robe {MR+}
rNeg   . . .     SustAt   .     B - +0 buckler
rPois  +         Gourm    .     b - +0 hat
rElec  .         Spirit   .     w - +1 cloak
rCorr  .         Warding  .     f - +0 pair of gloves
rMut   .         Stasis   .     (boots unavailable)
MR     +....                    (no amulet)
Stlth  ++........               i - ring of protection from fire
                                D - ring of poison resistance

@: repel missiles, somewhat resistant to hostile enchantments, unstealthy
A: beak, talons 3, clarity, able to fly 1
a: Fly, Receive Corpses, Renounce Religion


You were on level 2 of the Lair of Beasts.
You worshipped Kikubaaqudgha.
Kikubaaqudgha was most pleased with you.
You were full.

You visited 3 branches of the dungeon, and saw 13 of its levels.

You collected 672 gold pieces.

Inventory:

Hand Weapons
 e - a +1 halberd of venom
 l - a +0 blowgun (weapon)
Missiles
 n - 8 poisoned needles (quivered)
Armour
 b - a +0 hat (worn)
 f - a +0 pair of gloves (worn)
 p - a +2 robe of magic resistance (worn)
 t - the +1 ring mail of the Ecumenical Temple {rF+ rC+ Slay+2}
   (You found it on level 6 of the Dungeon)

   It affects your accuracy and damage with ranged weapons and melee attacks
   (+2).
   It protects you from fire.
   It protects you from cold.
 w - a +1 cloak (worn)
 B - a +0 buckler (worn)
Jewellery
 i - a ring of protection from fire (right hand)
 s - an uncursed ring of sustain attributes
 D - a ring of poison resistance (left hand)
Wands
 h - a wand of paralysis (2)
Scrolls
 u - a scroll of enchant armour
 y - 2 scrolls of teleportation
 A - a scroll of remove curse
 F - a scroll of magic mapping
 G - a scroll of identify
Potions
 g - 2 potions of haste {unknown}
 j - a potion of heal wounds
 k - 2 potions of agility
 m - a potion of lignification {unknown}
 r - a potion of brilliance {unknown}
 z - 2 potions of might {unknown}
 E - 2 potions of curing
 H - 2 potions of poison {unknown}
Books
 q - a Necronomicon

   Spells                             Type                      Level
   a - Haunt                          Necromancy/Summoning         7
   b - Borgnjor's Revivification      Necromancy                   8
   c - Death's Door                   Charms/Necromancy            8
   d - Necromutation                  Transmutation/Necromancy     8
 x - Kikubaaqudgha's Volume of Evil Arts
   (Kikubaaqudgha gifted it to you on level 1 of the Lair of Beasts)

   Spells                             Type                      Level
   a - Excruciating Wounds            Charms/Necromancy            5
   b - Agony                          Necromancy                   5
   c - Cigotuvi's Embrace             Necromancy                   5
   d - Dispel Undead                  Necromancy                   5
   e - Simulacrum                     Ice/Necromancy               6
Comestibles
 a - 2 royal jellies
 d - 11 bread rations
 J - 2 meat rations


   Skills:
 - Level 2.1 Dodging
 - Level 2.0 Stealth
 * Level 7.1 Shields
 - Level 4.0 Spellcasting
 - Level 14.0 Conjurations
   Level 1.2 Summonings
 * Level 9.4 Necromancy
 - Level 0.7 Translocations
 - Level 5.1 Fire Magic
 - Level 7.0 Air Magic


You had one spell level left.
You knew the following spells:

 Your Spells              Type           Power        Failure   Level  Hunger
a - Magic Dart            Conj           ####         1%          1    None
b - Conjure Flame         Conj/Fire      #####...     1%          3    ###....
c - Mephitic Cloud        Conj/Pois/Air  #####...     1%          3    ###....
d - Repel Missiles        Chrm/Air       ###...       4%          2    #......
e - Pain                  Necr           ####         1%          1    None
f - Agony                 Necr           #####...     8%          5    ######.
g - Blink                 Tloc           N/A          14%         2    #......


Dungeon Overview and Level Annotations

Branches:
Dungeon (10/15)            Temple (1/1) D:6            Lair (2/8) D:8
    Orc: D:9-12

Altars:
Ashenzari
Cheibriados
Dithmenos
Elyvilon
Fedhas
Kikubaaqudgha
Nemelex Xobeh
Okawaru
Qazlal
Ru
Sif Muna
Trog
Vehumet
Xom
Yredelemnul
Zin
The Shining One

Shops:
D:10 [


Innate Abilities, Weirdness & Mutations

You have a beak for a mouth.
You have claws for feet.
You can fly.
You possess an exceptional clarity of mind.


Message History

Confirm with . or Enter, or press ? or * to list all spells.
Aiming: Pain
Press: ? - help, Shift-Dir - straight line, f - porcupine
Aim: a porcupine (chance to defeat MR: 84%)
The porcupine convulses in agony!
The porcupine bites you!
* * * LOW HITPOINT WARNING * * *
Casting: Pain
Confirm with . or Enter, or press ? or * to list all spells.
Aiming: Pain
Press: ? - help, Shift-Dir - straight line, f/p - porcupine
Aim: a porcupine (moderately wounded, chance to defeat MR: 84%)
The porcupine convulses in agony!
You block the porcupine's attack.
Casting: Pain
Confirm with . or Enter, or press ? or * to list all spells.
Aiming: Pain
Press: ? - help, Shift-Dir - straight line, f/p - porcupine
Aim: a porcupine (heavily wounded, chance to defeat MR: 84%)
The porcupine convulses in agony!
The porcupine bites you!
You die...
Kikubaaqudgha rasps: "You have failed me!
Welcome... death!" ## ##PPP

#########.....
.#..PP#.....#
............#
#..@...#
#P...r.......
#........##.##
#.
.}..........
.####
.##..........
...#
#....##.##.P#
..P ##..# ##
.## ##.. #..
#.# ###... . #
#.# ##P....


You could see a porcupine.

Vanquished Creatures
  Pikel (D:5)
  A black mamba (Lair:1)
  5 spiny frogs
  A blink frog (D:8)
  A spriggan (D:8)
  6 yaks
  A hungry ghost (D:9)
  Menkaure (D:4)
  2 orc warriors
  4 hippogriffs
  A sky beast (D:9)
  Duvessa (D:4)
  A phantom (D:6)
  2 porcupines (Lair:1)
  2 ice beasts
  2 water moccasins
  3 slaves (D:5)
  2 black bears
  7 ogres
  3 crocodiles
  3 centaurs
  16 giant frogs
  A gnoll shaman (D:4)
  3 scorpions
  Dowan (D:4)
  4 killer bees
  7 wights (D:6)
  2 giant frog zombies
  6 hounds
  2 jellies
  A centaur zombie (D:7)
  A crimson imp (D:6)
  A giant frog skeleton (D:4)
  3 iguanas
  3 orc wizards
  5 orc priests
  6 worker ants
  12 sheep (Lair:1)
  2 hound skeletons
  A worker ant zombie (D:6)
  15 adders
  3 gnolls
  9 river rats (Lair:1)
  4 shadow imps
  2 oozes
  2 adder skeletons
  2 adder zombies
  5 worms
  11 giant geckos
  43 orcs
  4 ball pythons
  8 bats
  9 goblins
  8 hobgoblins
  17 jackals
  7 kobolds
  4 quokkas
  A ball python skeleton (D:4)
  4 giant cockroaches
  A giant gecko skeleton (D:8)
  5 giant newts
  A quokka skeleton (D:4)
  2 quokka zombies
  40 rats
334 creatures vanquished.

Vanquished Creatures (collateral kills)
  4 gnolls (D:4)
  An orc (D:4)
5 creatures vanquished.

Vanquished Creatures (others)
  The ghost of emiel the Digger, a novice CeEE of Cheibriados (D:6)
  A yak (Lair:2)
  3 fungi (Lair:1)
  2 plants (Lair:1)
7 creatures vanquished.

Grand Total: 346 creatures vanquished

Notes
Turn   | Place    | Note
--------------------------------------------------------------
     0 | D:1      | Shiisan the Tengu Wizard began the quest for the Orb.
     0 | D:1      | Reached XP level 1. HP: 10/10 MP: 5/5
   211 | D:1      | Reached XP level 2. HP: 15/15 MP: 2/7
  1178 | D:2      | Reached XP level 3. HP: 19/19 MP: 2/9
  1309 | D:1      | Reached skill level 4 in Spellcasting
  1564 | D:1      | Learned a level 3 spell: Conjure Flame
  1568 | D:1      | Learned a level 3 spell: Mephitic Cloud
  1571 | D:1      | Learned a level 2 spell: Repel Missiles
  2289 | D:2      | Found a snail-covered altar of Cheibriados.
  2297 | D:2      | Reached skill level 1 in Air Magic
  2358 | D:2      | Reached XP level 4. HP: 24/24 MP: 3/11
  3476 | D:3      | Reached skill level 1 in Fire Magic
  3738 | D:3      | Found a faded altar to an unknown god.
  4368 | D:3      | Gained mutation: You can fly. [Tengu growth]
  4368 | D:3      | Reached XP level 5. HP: 28/28 MP: 7/12
  4903 | D:3      | Found a radiant altar of Vehumet.
  5046 | D:3      | Found a shadowy altar of Dithmenos.
  5131 | D:3      | Gained mutation: You possess an exceptional clarity of mind. [potion of beneficial mutation]
  5670 | D:4      | Reached XP level 6. HP: 32/32 MP: 7/13
  5771 | D:4      | Reached skill level 5 in Conjurations
  6427 | D:4      | Upgraded the game from 0.17.0-73-gb648821 to 0.17.1-1-g73c8601
  6427 | D:4      | Reached skill level 6 in Conjurations
  6472 | D:4      | Found a sparkling altar of Nemelex Xobeh.
  6497 | D:4      | Reached XP level 7. HP: 36/36 MP: 11/14
  6735 | D:4      | Noticed Menkaure
  6751 | D:4      | Killed Menkaure
  6751 | D:4      | Reached skill level 7 in Conjurations
  7540 | D:4      | Reached skill level 8 in Conjurations
  7600 | D:4      | Noticed Duvessa
  7600 | D:4      | Noticed Dowan
  7625 | D:4      | Noticed an ogre
  7653 | D:4      | Noticed an ogre
  7687 | D:4      | Killed an ogre
  7687 | D:4      | Reached XP level 8. HP: 41/41 MP: 5/15
  7802 | D:4      | Killed an ogre
  7892 | D:4      | Reached skill level 9 in Conjurations
  8077 | D:5      | Entered Level 5 of the Dungeon
  8335 | D:4      | Killed Dowan
  8335 | D:4      | Reached skill level 5 in Air Magic
  8479 | D:4      | Killed Duvessa
  9119 | D:5      | Reached skill level 10 in Conjurations
  9273 | D:5      | Found a glowing silver altar of Zin.
  9287 | D:5      | Found a blossoming altar of Fedhas.
  9611 | D:5      | Found a deep blue altar of Sif Muna.
  9672 | D:5      | Noticed Pikel
 10019 | D:5      | Killed Pikel
 10019 | D:5      | Reached skill level 11 in Conjurations
 10019 | D:5      | Reached skill level 5 in Fire Magic
 10019 | D:5      | Reached XP level 9. HP: 45/45 MP: 5/16
 10155 | D:6      | Killed emiel's ghost
 10400 | D:6      | Found a staircase to the Ecumenical Temple.
 10413 | Temple   | Entered the Ecumenical Temple
 10429 | Temple   | Became a worshipper of Kikubaaqudgha
 10867 | D:6      | Found a stormy altar of Qazlal.
 10930 | D:6      | Reached skill level 12 in Conjurations
 11395 | D:6      | Got a transparent ring mail
 12702 | D:7      | Reached skill level 13 in Conjurations
 13089 | D:7      | Reached skill level 1 in Necromancy
 13146 | D:7      | Got a warped amber ring
 13377 | D:7      | Reached * piety under Kikubaaqudgha
 13377 | D:7      | Received a gift from Kikubaaqudgha
 13385 | D:7      | Reached XP level 10. HP: 50/50 MP: 1/17
 13386 | D:7      | Identified Kikubaaqudgha's Almanac of Dark Rituals (Kikubaaqudgha gifted it to you on level 7 of the Dungeon)
 13389 | D:7      | Learned a level 1 spell: Pain
 14149 | D:8      | Found a staircase to the Lair.
 14174 | D:8      | HP: 2/50 [blink frog (18)]
 14477 | D:9      | Found a shattered altar of Ashenzari.
 14524 | D:9      | Reached skill level 14 in Conjurations
 14561 | D:9      | Reached skill level 1 in Shields
 15401 | D:8      | Identified the ring "Joqyc" {+Blink +Fly Str+4} (You found it on level 7 of the Dungeon)
 15895 | D:8      | Found a bloodstained altar of Trog.
 16052 | D:8      | Reached skill level 5 in Necromancy
 17403 | D:9      | Reached skill level 5 in Shields
 17648 | D:9      | Identified the cursed +1 ring mail of the Ecumenical Temple {rF+ rC+ Slay+2} (You found it on level 6 of the Dungeon)
 17812 | D:9      | Found an iron altar of Okawaru.
 17959 | D:10     | Entered Level 10 of the Dungeon
 18130 | D:10     | Found Zujyhicwo's Antique Armour Shop.
 18239 | Lair:1   | Entered Level 1 of the Lair of Beasts
 18407 | Lair:1   | Reached ** piety under Kikubaaqudgha
 18418 | Lair:1   | Reached XP level 11. HP: 33/54 MP: 8/18
 18909 | Lair:1   | Found an ancient bone altar of Kikubaaqudgha.
 19316 | Lair:1   | Noticed a black mamba
 19350 | Lair:1   | Killed a black mamba
 20236 | Lair:1   | Reached *** piety under Kikubaaqudgha
 20236 | Lair:1   | Received a gift from Kikubaaqudgha
 20239 | Lair:1   | Identified Kikubaaqudgha's Volume of Evil Arts (Kikubaaqudgha gifted it to you on level 1 of the Lair of Beasts)
 20246 | Lair:1   | Learned a level 5 spell: Agony
 20249 | Lair:1   | Learned a level 2 spell: Blink
 20262 | Lair:1   | Noticed a five-headed hydra
 21314 | Lair:2   | Slain by a porcupine

Action                   |  1- 3 |  4- 6 |  7- 9 | 10-12 || total
-------------------------+-------+-------+-------+-------++-------
Melee: Unarmed           |     3 |       |       |       ||     3
       Club              |    20 |    52 |    30 |       ||   102
       Halberd           |       |       |       |    17 ||    17
 Fire: Blowgun           |       |       |     8 |    76 ||    84
 Cast: Magic Dart        |   106 |   197 |   425 |   339 ||  1067
       Conjure Flame     |     3 |     9 |    32 |    43 ||    87
       Mephitic Cloud    |     1 |     8 |    32 |    27 ||    68
       Repel Missiles    |       |     1 |       |     1 ||     2
       Pain              |       |       |       |    74 ||    74
       Agony             |       |       |       |     1 ||     1
 Abil: Fly               |       |       |     4 |     7 ||    11
Evoke: Wand              |       |       |     3 |    34 ||    37
  Use: Scroll            |     3 |     4 |     6 |     8 ||    21
       Potion            |     4 |     2 |     1 |     4 ||    11
 Stab: Confused          |       |       |       |     6 ||     6
       Distracted        |       |       |       |     2 ||     2
       Paralysed         |       |       |       |     2 ||     2
  Eat: Chunk             |     3 |    16 |    17 |    15 ||    51
       Pizza             |       |       |     2 |     1 ||     3
       Beef jerky        |       |       |     3 |     2 ||     5
       Fruit             |       |       |     3 |    15 ||    18
